 Dungeon Crawl Stone Soup version 0.30-a0-591-g3c58d2bc28 (webtiles) character file.

Game seed: 15842429253457488320

7392 pokeman the Thaumaturge (level 10, -3/58 HPs)
             Began as a Deep Elf Hedge Wizard on Jan 5, 2023.
             Was a Believer of Vehumet.
             Shot with a sling bullet by Joseph (20 damage)
             ... on level 10 of the Dungeon.
             The game lasted 00:30:57 (12772 turns).

pokeman the Thaumaturge (Deep Elf Hedge Wizard)    Turns: 12772, Time: 00:30:58

Health: -3/58      AC: 12    Str:  7    XL:     10   Next: 92%
Magic:  6/29       EV: 12    Int: 33    God:    Vehumet [**....]
Gold:   94         SH:  5    Dex: 14    Spells: 24/36 levels left

rFire   + + +      SeeInvis +    S - +4 whip of Xangi {spect, SInv}
rCold   + + +      Faith    .    (no shield)
rNeg    . . .      Spirit   .    i - +3 leather armour
rPois   .          Reflect  +    T - +0 helmet {Int+3}
rElec   .          Harm     .    w - +0 cloak
rCorr   .          Rampage  .    (no gloves)
Will    +....                    (no boots)
Stlth   ++                       K - amulet of Pailan {Reflect *Corrode rF+++ rC+++ SH+5}
HPRegen 0.29/turn                t - +4 ring of protection
MPRegen 0.21/turn                u - +6 ring of intelligence

@: no status effects
A: no striking features
a: Renounce Religion


You were on level 10 of the Dungeon.
You worshipped Vehumet.
Vehumet was pleased with you.
You visited 2 branches of the dungeon, and saw 11 of its levels.
You also visited: Sewer.

You collected 572 gold pieces.
You spent 478 gold pieces at shops.

Inventory:

Hand Weapons
 v - a +2 quarterstaff of chaos
 x - a +1 spear of venom
 E - the +5 falchion of the Realm of Zot {speed, Str+4 Stlth+}
   (You bought it in a shop on level 6 of the Dungeon)

   Str:       It affects your strength (+4).
   Stlth:     It makes you more stealthy.
 N - the +9 mace "Newtbane" {holy, rN+ Will+ Int-5 Dex+8}
   (You found it on level 7 of the Dungeon)

   Int:       It affects your intelligence (-5).
   Dex:       It affects your dexterity (+8).
   rN:        It protects you from negative energy.
   Will:      It increases your willpower.
 S - the +4 whip of Xangi (weapon) {spect, SInv}
   (You found it on level 9 of the Dungeon)

   SInv:      It lets you see invisible.
 U - a +5 shortbow of draining
Missiles
 c - a throwing net
Armour
 i - a +3 leather armour (worn)
 w - a +0 cloak (worn)
 z - the +6 scale mail "Ankoch" {+Inv rElec Str+5}
   (You found it on level 4 of the Dungeon)

   Str:       It affects your strength (+5).
   rElec:     It insulates you from electricity.
   +Inv:      It lets you turn invisible.
 T - a +0 helmet of intelligence (worn)
Magical Staves
 H - a staff of fire
Jewellery
 e - a ring of resist corrosion
 p - a ring of ice
 t - a +4 ring of protection (left hand)
 u - a +6 ring of intelligence (right hand)
 G - a ring of willpower
 K - the amulet of Pailan (around neck) {Reflect *Corrode rF+++ rC+++ SH+5}
   (You found it on level 7 of the Dungeon)

   [amulet of reflection]

   It reflects blocked missile attacks.
   rF:        It renders you almost immune to fire.
   rC:        It renders you almost immune to cold.
   *Corrode:  It may corrode you when you take damage.
   SH:        It affects your SH (+5).
Wands
 m - a wand of acid (8)
 y - a wand of iceblast (3)
 M - a wand of paralysis (8)
 P - a wand of flame (5)
Scrolls
 a - 7 scrolls of teleportation
 g - 12 scrolls of identify
 h - 4 scrolls of amnesia {unknown}
 j - a scroll of enchant armour {unknown}
 o - 4 scrolls of immolation {unknown}
 q - 4 scrolls of torment {unknown}
 s - 2 scrolls of fog {unknown}
 B - 2 scrolls of enchant weapon {unknown}
 D - a scroll of blinking {unknown}
 F - 2 scrolls of magic mapping
 J - a scroll of butterflies {unknown}
 L - a scroll of silence {unknown}
 O - a scroll of poison {unknown}
 Q - a scroll of vulnerability {unknown}
Potions
 b - a potion of attraction {unknown}
 d - 3 potions of magic
 f - 7 potions of curing {unknown}
 k - 2 potions of heal wounds {unknown}
 l - 12 potions of degeneration
 n - 2 potions of ambrosia {unknown}
 r - 2 potions of flight {unknown}
 A - 2 potions of mutation {unknown}
 C - 5 potions of might
 I - a potion of lignification {unknown}
 R - a potion of berserk rage {unknown}


   Skills:
 + Level 4.7 Fighting
 - Level 3.0 Armour
 - Level 3.0 Dodging
 - Level 3.0 Stealth
 * Level 13.8 Spellcasting
 + Level 7.9 Conjurations
 + Level 7.2 Summonings
 - Level 1.1 Translocations
 + Level 5.1 Fire Magic
 - Level 1.0 Air Magic
 - Level 1.2 Poison Magic
 - Level 1.0 Evocations


You had 24 spell levels left.
You knew the following spells:

 Your Spells              Type           Power      Damage    Failure   Level
a - Magic Dart            Conj           100%       1d8       1%          1
b - Mephitic Cloud        Conj/Pois/Air  45%        N/A       1%          3
c - Call Imp              Summ           63%        N/A       1%          2
d - Blink                 Tloc           60%        N/A       2%          2
e - Flame Wave            Conj/Fire      60%        2d14      1%          4

Your spell library contained the following spells:

 Spells                   Type           Power      Damage    Failure   Level
 Kindle Blastsparks       Fire/Tloc/Air  76%        2d16      3%          3
 Apportation              Tloc           60%        N/A       1%          1
 Summon Small Mammal      Summ           100%       N/A       1%          1
 Momentum Strike          Conj/Tloc      100%       3d10      1%          2
 Sticky Flame             Conj/Fire      60%        2d8       1%          4
 Beastly Appendage        Tmut           44%        N/A       2%          1
 Necrotise                Necr           88%        1d8       2%          1
 Slow                     Hex            88%        N/A       2%          1
 Cigotuvi's Dreadful Rot  Necr/Pois/Air  54%        N/A       3%          2
 Inner Flame              Hex/Fire       39%        N/A       3%          3
 Wereblood                Tmut           22%        N/A       4%          2
 Gell's Gravitas          Tloc           30%        N/A       5%          3
 Lesser Beckoning         Tloc           60%        N/A       5%          3
 Teleport Other           Tloc           30%        N/A       5%          3
 Spider Form              Tmut/Pois      27%        N/A       6%          3
 Dispersal                Tloc           15%        N/A       95%         6


Dungeon Overview and Level Annotations

Branches:
Dungeon (10/15)            Temple (1/1) D:5             Orc (0/2) D:9
  Sewer (visited)
   Lair: D:8-11

Altars:
Ashenzari
Cheibriados
Dithmenos
Elyvilon
Fedhas
Gozag
Hepliaklqana
Kikubaaqudgha
Makhleb
Nemelex Xobeh
Okawaru
Qazlal
Ru
Sif Muna
Trog
Uskayaw
Vehumet
Wu Jian
Xom
Yredelemnul
Zin
The Shining One

Shops:
D:1 ??:?   D:3 :   D:4 =   D:6 (   D:10 *

Annotations:
D:10 Joseph


Message History

(Press . to intensify the flame waves.)
The wraith misses you.
Joseph says, "You must be punished!
Or...
I want to punish you!"
Joseph shoots a sling bullet.
The sling bullet completely misses you.
Your Fire Magic skill increases to level 5!
Unknown command.
A wave of flame ripples out!
The flame wave engulfs the wraith.
The wraith is moderately damaged.
The flame wave engulfs Joseph!!
Joseph is severely wounded.
You block the wraith's attack.
Joseph shoots a sling bullet.
The sling bullet misses you.
Unknown command.
A wave of flame ripples out!
The flame wave engulfs the wraith!
The wraith is severely damaged.
The flame wave engulfs Joseph!
Joseph is almost dead.
You finish channelling waves of flame.
The wraith completely misses you.
Joseph shoots a sling bullet.
The sling bullet hits you!
* * * LOW HITPOINT WARNING * * *
The sling bullet burns you.
* * * LOW HITPOINT WARNING * * *
Unknown command.
Casting: Flame Wave (dangerous; 1% risk of failure)
Confirm with . or Enter, or press ? or * to list all spells.
Casting: Flame Wave (dangerous; 1% risk of failure)
Press: ? - help, Dir - look around, f - activate A wave of flame ripples out!
The flame wave engulfs the wraith.
The wraith is severely damaged. (Press . to intensify the flame waves.)
The wraith barely misses you.
Joseph shoots a sling bullet.
The sling bullet barely misses you.
Unknown command.
A wave of flame ripples out!
The flame wave engulfs the wraith.
The wraith is almost destroyed.
The flame wave engulfs Joseph!
Joseph is almost dead.
The wraith barely misses you.
Joseph shoots a sling bullet.
The sling bullet hits you!!
You die...

........................
......###..........###..
......# #...............
......# ##.........>....
...#### ##............
...# #....∩...###. ..##
#........## ...#
##.........# ...#
#.....(@...# (..#
###....@W)...# ####
#............#
#.......<....##
#......†......#
#......####...# #.......
...# #......... .###
#..........


You could see Joseph and a wraith.

Vanquished Creatures
  Josephine (D:10)
  Pikel (D:5)
  A gargoyle (D:10)
  3 wraiths (D:10)
  4 yaks (D:9)
  A steam dragon (D:6)
  3 vampire mosquitoes
  3 water moccasins
  2 orc warriors (D:9)
  A swamp drake (D:9)
  A black bear (D:10)
  3 ice beasts
  2 sky beasts (D:6)
  An ogre (D:6)
  7 centaurs
  2 lemures (D:5)
  A phantom (D:4)
  A kobold brigand (D:9)
  A bullfrog (D:9)
  2 scorpions
  2 necrophages
  3 wights (D:9)
  12 killer bees
  A howler monkey (D:8)
  An electric eel (D:6)
  2 jellies (D:6)
  A gnoll bouda (D:5)
  2 hounds
  Crazy Yiuf (D:3)
  9 orc priests
  Ijyb (D:3)
  Natasha (thrice) (D:3)
  2 iguanas
  9 orc wizards
  15 gnolls
  10 adders
  4 river rats (Sewer)
  A shadow imp (D:7)
  5 white imps
  36 orcs
  7 ball pythons
  3 bats (D:1)
  12 endoplasms
  5 giant cockroaches
  4 goblins
  11 hobgoblins
  3 jackals (D:1)
  7 quokkas
  8 frilled lizards
  12 kobolds
  13 rats
246 creatures vanquished.

Vanquished Creatures (collateral kills)
  A water moccasin (D:6)
  2 killer bees
  A jelly (D:6)
  A gnoll (D:7)
  3 orcs (D:8)
8 creatures vanquished.

Vanquished Creatures (others)
  A fungus (D:10)
  4 plants (D:6)
5 creatures vanquished.

Grand Total: 259 creatures vanquished

Notes
Turn   | Place    | Note
-------+----------+-------------------------------------------
     0 | D:1      | pokeman the Deep Elf Hedge Wizard began the quest for the
                  | Orb.
     0 | D:1      | Reached XP level 1. HP: 10/10 MP: 7/7
   318 | D:1      | Found Zeffass's Magic Scroll Boutique.
   324 | D:1      | Bought a scroll of noise for 13 gold pieces
   333 | D:1      | Reached XP level 2. HP: 15/15 MP: 3/9
   608 | D:1      | Found a faded altar of an unknown god.
   842 | D:1      | Found Enlin's Book Shop.
  1074 | D:1      | Found Deopipur's Magic Scroll Shoppe.
  1118 | D:1      | Found Penar's Magic Scroll Emporium.
  1156 | D:1      | Reached skill level 5 in Spellcasting
  1477 | D:2      | Reached XP level 3. HP: 16/20 MP: 2/11
  1487 | D:2      | Learned a level 3 spell: Mephitic Cloud
  1490 | D:2      | Learned a level 2 spell: Call Imp
  1493 | D:2      | Learned a level 2 spell: Blink
  1764 | D:2      | Reached skill level 1 in Armour
  1854 | D:2      | Reached skill level 1 in Fighting
  2615 | D:3      | Found a runed translucent door.
  2616 | D:3      | Noticed Crazy Yiuf
  2681 | D:3      | Noticed Ijyb
  2693 | D:3      | Killed Ijyb
  2694 | D:3      | Reached XP level 4. HP: 19/25 MP: 8/13
  3034 | D:3      | Noticed Natasha
  3052 | D:3      | Killed Natasha
  3470 | D:3      | Found Zijaanyn's Vocational Training.
  3704 | D:3      | Killed Crazy Yiuf
  3705 | D:3      | Reached skill level 6 in Spellcasting
  3705 | D:3      | Reached XP level 5. HP: 21/29 MP: 0/15
  3929 | D:3      | Noticed Natasha
  3940 | D:3      | Killed Natasha
  4037 | D:3      | Noticed Natasha
  4045 | D:3      | Killed Natasha
  4046 | D:3      | Reached skill level 1 in Evocations
  4228 | D:4      | Reached skill level 1 in Air Magic
  4245 | D:4      | Found an ornate altar of the Wu Jian Council.
  4302 | D:4      | Identified the +6 scale mail "Ankoch" {+Inv rElec Str+5}
  4408 | D:4      | Noticed a phantom
  4418 | D:4      | Killed a phantom
  4419 | D:4      | Reached skill level 1 in Poison Magic
  4419 | D:4      | Reached XP level 6. HP: 11/34 MP: 6/17
  4513 | D:4      | Found a glowing drain.
  4525 | Sewer    | Entered a sewer
  4591 | Sewer    | Reached skill level 7 in Spellcasting
  5170 | D:4      | Found a stormy altar of Qazlal.
  5172 | D:4      | Found Fepuif's Jewellery Shop.
  5607 | D:5      | Entered Level 5 of the Dungeon
  5765 | D:5      | Reached XP level 7. HP: 39/39 MP: 13/20
  5932 | D:5      | Reached skill level 8 in Spellcasting
  6152 | D:5      | Noticed Pikel
  6172 | D:5      | Killed Pikel
  6173 | D:5      | Reached skill level 9 in Spellcasting
  6173 | D:5      | Reached XP level 8. HP: 31/44 MP: 18/23
  6497 | D:5      | Found a blossoming altar of Fedhas.
  6497 | D:5      | Found an iron altar of Okawaru.
  6498 | D:5      | Found a glowing silver altar of Zin.
  6701 | D:5      | Found a bloodstained altar of Trog.
  6853 | D:5      | Found a staircase to the Ecumenical Temple.
  6866 | Temple   | Entered the Ecumenical Temple
  6866 | Temple   | Found a transporter.
  6866 | Temple   | Found a transporter.
  6868 | Temple   | Found a transporter.
  6868 | Temple   | Found a transporter.
  7101 | D:6      | Reached skill level 5 in Conjurations
  7108 | D:6      | Reached skill level 10 in Spellcasting
  7236 | D:6      | Found a hazy altar of Hepliaklqana.
  7237 | D:6      | Found a shadowy altar of Dithmenos.
  7269 | D:6      | Found Zicsacoh's Antique Weapon Emporium.
  7276 | D:6      | Bought a fine falchion for 200 gold pieces
  7276 | D:6      | Identified the +5 falchion of the Realm of Zot {speed,
                  | Str+4 Stlth+} (You bought it in a shop on level 6 of the
                  | Dungeon)
  7581 | D:6      | Reached XP level 9. HP: 49/49 MP: 2/25
  7744 | D:6      | Reached skill level 11 in Spellcasting
  7744 | D:6      | Reached skill level 5 in Summonings
  7850 | D:6      | Found a burning altar of Makhleb.
  8110 | D:7      | Reached skill level 1 in Fire Magic
  8238 | D:7      | Identified the amulet of Pailan {Reflect *Corrode rF+++
                  | rC+++ SH+5}
  8559 | D:7      | Identified the +9 mace "Newtbane" {holy, rN+ Will+ Int-5
                  | Dex+8}
  9123 | D:8      | Found a radiant altar of Vehumet.
  9124 | D:8      | Found a sacrificial altar of Ru.
  9124 | D:8      | Found a hide-covered altar of Uskayaw.
  9125 | D:8      | Found a shimmering blue altar of Sif Muna.
  9131 | D:8      | Became a worshipper of Vehumet
  9464 | D:8      | You fall into a shaft and drop 2 floors!
  9464 | D:10     | Entered Level 10 of the Dungeon
  9541 | D:10     | Noticed Snorg
  9542 | D:10     | Noticed a two-headed ogre
  9556 | D:10     | Noticed Fannar
  9558 | D:10     | Noticed a death yak
  9720 | D:10     | Reached skill level 12 in Spellcasting
  9828 | D:10     | Found Peasoimovis's Practical Paraphernalia.
 10081 | D:8      | Found a white marble altar of Elyvilon.
 10337 | D:8      | Reached * piety under Vehumet
 10337 | D:8      | Offered knowledge of Kiss of Death by Vehumet.
 10805 | D:9      | Learned a level 4 spell: Flame Wave
 10889 | D:9      | Reached XP level 10. HP: 56/56 MP: 20/28
 11130 | D:9      | Identified the +4 whip of Xangi {spect, SInv}
 11332 | D:9      | Offered knowledge of Freeze by Vehumet.
 11332 | D:9      | Reached ** piety under Vehumet
 11481 | D:9      | Reached skill level 13 in Spellcasting
 11602 | D:9      | Found a staircase to the Orcish Mines.
 11617 | D:9      | Offered knowledge of Kindle Blastsparks by Vehumet.
 11926 | D:9      | Found a basalt altar of Yredelemnul.
 12124 | D:1      | Bought 2 scrolls of identify for 44 gold pieces
 12124 | D:1      | Bought a scroll of identify for 22 gold pieces
 12124 | D:1      | Bought a scroll of magic mapping for 82 gold pieces
 12197 | D:1      | Bought a scroll of identify for 26 gold pieces
 12197 | D:1      | Bought a scroll of identify for 26 gold pieces
 12197 | D:1      | Bought a scroll of teleportation for 39 gold pieces
 12197 | D:1      | Bought a scroll of identify for 26 gold pieces
 12415 | D:10     | Noticed a gargoyle
 12421 | D:10     | Killed a gargoyle
 12616 | D:10     | Noticed Joseph
 12618 | D:10     | Noticed Josephine
 12768 | D:10     | Killed Josephine
 12769 | D:10     | Reached skill level 5 in Fire Magic
 12772 | D:10     | Shot with a sling bullet by Joseph

Illustrated notes

Levels and vault maps discovered:
D:1:      psy_arrival_statuary, layout_loops_corners, serial_shops,
          nicolae_square_shop, shop, shop_statue, nicolae_lakefront_shop,
          ebering_ecumenical_altar_petrified
D:2:      layout_loops_cross, dk_noncrumbling_3, corexii_leaking_fountain
D:3:      layout_loops_corners, nicolae_shop_vocational, uniq_ijyb,
          uniq_natasha, uniq_crazy_yiuf_cottage
D:4:      layout_layer_cave, nzn_wu_jian_council_hall,
          nicolae_qazlal_eye_of_the_storm, serial_shops, shop,
          portal_sewer_entry_d
D:5:      layout_basic, trog_hazing_becter, minitemple,
          minmay_temple_entry_glassed_door, hangedman_decor_points, uniq_pikel
D:6:      layout_basic, riverfiend_overflow_shadow_ancestor,
          mainiacjoe_overflow_alcove_1, serial_shops, nicolae_diamond_shop,
          skrybe_limestone_x, serial_bayou_pond_b,
          chequers_serial_rivers_micro_b
D:7:      layout_layer_cave
D:8:      layout_gridville, elyvilon_altar_1,
          chequers_temple_overflow_statue_of_worship, hangedman_decor_lopped,
          chequers_mini_garden
D:9:      layout_irregular_city, yredelemnul_altar_generic, erik_orc_1,
          nrook_pool_corridor
D:10:     layout_cross, david_lair_generic, nicolae_alphabet_shops,
          minmay_holes, kennysheep_donut, uniq_fannar, uniq_joseph, uniq_snorg,
          uniq_josephine
Temple:   hellmonk_temple_divided_pantheon

Skill      XL: |  1  2  3  4  5  6  7  8  9 10 |
---------------+-------------------------------+-----
Spellcasting   | 5 6 7 9 10 12 13 | 13.8
Armour         | 1 2 3 |  3.0
Fighting       | 1 2 3 4 |  4.7
Conjurations   | 2 3 4 5 6 7 |  7.9
Stealth        | 3 |  3.0
Dodging        | 3 |  3.0
Evocations     | 1 |  1.0
Air Magic      | 1 |  1.0
Poison Magic   | 1 |  1.2
Summonings     | 3 4 6 7 |  7.2
Fire Magic     | 3 5 |  5.1
Translocations | |  1.1

Action                   |  1- 3 |  4- 6 |  7- 9 | 10-12 || total
-------------------------+-------+-------+-------+-------++-------
Melee: Short sword       |    20 |    10 |       |       ||    30
       Mace              |       |    55 |       |       ||    55
       Whip              |       |       |    22 |    16 ||    38
       Spear             |       |       |    36 |       ||    36
       Falchion          |       |       |    74 |       ||    74
       Punch             |       |       |     1 |       ||     1
 Cast: Magic Dart        |   110 |   116 |   272 |    28 ||   526
       Mephitic Cloud    |     1 |     9 |    43 |     7 ||    60
       Call Imp          |       |     3 |     9 |       ||    12
       Blink             |       |       |     2 |       ||     2
       Flame Wave        |       |       |     1 |    19 ||    20
Evoke: Wand              |       |       |     1 |       ||     1
 Stab: Confused          |     1 |     4 |    22 |     2 ||    29
       Sleeping          |     1 |       |       |       ||     1
Armor: Robe              |     3 |       |       |       ||     3
       Leather armour    |     4 |    47 |    85 |    11 ||   147
Dodge: Dodged            |    22 |    68 |   101 |    35 ||   226
Block: Other             |       |       |    15 |    13 ||    28
       Reflection        |       |       |     1 |       ||     1

Table legend: (Time is in decaauts)
 A = Elapsed time spent in this place.
 B = Non-inter-level travel time spent in this place.
 C = Inter-level travel time spent in this place.
 D = Time resting spent in this place.
 E = Time spent auto-exploring this place.
 F = Levels seen in this place.
 G = Mean time per level.
                   A        B        C        D        E       F      G
               +--------+--------+--------+--------+--------+-----+--------+
         Total |  12852 |  12051 |    801 |    622 |   9120 |  12 | 1071.0 |
       Dungeon |  12147 |  11353 |    794 |    622 |   8576 |  10 | 1214.7 |
        Temple |     48 |     41 |      7 |      0 |      1 |   1 |   48.0 |
         Sewer |    656 |    656 |      0 |      0 |    543 |   1 |  656.0 |
               +--------+--------+--------+--------+--------+-----+--------+

Top non-repeatable levels by time:
     D:1: 1606 daAuts
     D:3: 1576 daAuts
     D:5: 1462 daAuts
     D:9: 1445 daAuts
     D:8: 1271 daAuts
     D:2: 1121 daAuts
     D:6: 1101 daAuts
     D:4: 995 daAuts
     D:7: 953 daAuts
   Sewer: 656 daAuts
    D:10: 613 daAuts
  Temple: 48 daAuts
